 Dungeon Crawl Stone Soup version 0.30-a0-585-g93115170b9 (webtiles) character file.

Game seed: 4800934520562628127

51 Persephone the Ducker (level 3, -5/27 HPs)
             Began as a Merfolk Gladiator on Jan 1, 2023.
             Slain by Sigmund
             ... wielding a +4 scythe of protection
              (9 damage)
             ... on level 2 of the Dungeon.
             The game lasted 00:03:06 (1323 turns).

Persephone the Ducker (Merfolk Gladiator)           Turns: 1323, Time: 00:03:06

Health: -5/27      AC:  4    Str: 14    XL:     3   Next: 83%
Magic:  3/3        EV: 14    Int:  7    God:
Gold:   114        SH:  0    Dex: 17    Spells: 2/2 levels left

rFire   . . .      SeeInvis .    a - +0 long sword
rCold   . . .      Faith    .    (no shield)
rNeg    . . .      Spirit   .    b - +0 leather armour
rPois   .          Reflect  .    c - +0 helmet
rElec   .          Harm     .    (no cloak)
rCorr   .          Rampage  .    (no gloves)
Will    .....                    (no boots)
Stlth   +                        i - amulet of regeneration
HPRegen 1.04/turn                (no ring)
MPRegen 0.08/turn                (no ring)

@: no status effects
A: (nimble swimmer 2), mertail
a: no special abilities


You were on level 2 of the Dungeon.
You visited 1 branch of the dungeon, and saw 2 of its levels.

You collected 114 gold pieces.

Inventory:

Hand Weapons
 a - a +0 long sword (weapon)
Missiles
 d - 3 throwing nets (quivered)
Armour
 b - a +0 leather armour (worn)
 c - a +0 helmet (worn)
Jewellery
 h - a ring of fire
 i - an amulet of regeneration (around neck)
Scrolls
 k - a scroll of vulnerability
Potions
 e - a potion of brilliance
 f - 2 potions of heal wounds {unknown}
 j - a potion of curing {unknown}
 l - a potion of haste {unknown}


   Skills:
 - Level 2.1 Fighting
 * Level 4.8 Long Blades
 - Level 2.0 Throwing
 + Level 5.1 Dodging


You had 2 spell levels left.
You didn't know any spells.
Your spell library contained the following spells:

 Spells                   Type           Power      Damage    Failure   Level
 Borgnjor's Revivificati  Necr           0%         N/A       100%        8
 Necromutation            Tmut/Necr      0%         N/A       100%        8
 Death's Door             Necr           0%         N/A       100%        9


Dungeon Overview and Level Annotations

Branches:
Dungeon (2/15)

Altars:

Annotations:
D:2 Sigmund


Innate Abilities, Weirdness & Mutations

((You are very nimble when in or above water. (Stealth+, EV+, Speed+++)))
Your lower body shifts to a powerful aquatic tail in water.


Message History

The giant cockroach is almost dead.
The giant cockroach closely misses you. The hobgoblin closely misses you.
You slash the giant cockroach!
You kill the giant cockroach!
The hobgoblin hits you but does no damage.
You slash the hobgoblin!
You kill the hobgoblin!
g - a javelin Key pressed, stopping explore.
Key pressed, stopping explore.
Found a stone staircase leading up.
You now have 114 gold pieces (gained 5).
Sigmund the Dreaded comes into view.
He is wielding a +4 scythe of protection.
Sigmund shouts!
Sigmund is nearby!
You throw a javelin. The javelin closely misses Sigmund.
Sigmund points at you and mumbles some strange words.
You resist with significant effort.
Okay, then.
Okay, then.
Sigmund hits you from afar with a +4 scythe of protection.
Found a dagger.
Found a stone staircase leading up.
You closely miss Sigmund. Sigmund gestures at you while chanting.
The puff of flame misses you.
You closely miss Sigmund.
Sigmund hits you with a +4 scythe of protection.
You closely miss Sigmund. Sigmund barely misses you.
You hit Sigmund.
Sigmund is moderately wounded.
Sigmund gestures wildly while chanting.
Sigmund flickers and vanishes!
Deactivating autopickup; reactivate with Ctrl-A.
You closely miss something. Something hits you.
You slash something! Something hits you!
You barely miss something. You slash something! Something hits you!
* * * LOW HITPOINT WARNING * * *
You barely miss something. Your punch misses something. Something hits you!
You die...

#...######.##.##
#...# #....##.#
#...# #.#####.#
#...# #.# #.#
###...# #.# #.#
......# #.#####.###
###...###.........#
#..............#.##
#....##########@..#
#..<.# #).{..#
##.#.# #.......#
#.#.# #..........#
#.#.# #........#.#
#.#.# #.#......# #
#.#.# #.##......
#.#.# #. #.###<#.
###.#.#


There were no monsters in sight!

Vanquished Creatures
  A worm (D:2)
  2 dart slugs (D:2)
  3 endoplasms (D:1)
  3 giant cockroaches
  6 goblins
  6 hobgoblins
  2 jackals (D:1)
  2 quokkas
  4 ball pythons
  2 frilled lizards (D:1)
  3 kobolds
  5 rats
39 creatures vanquished.

Notes
Turn   | Place    | Note
-------+----------+-------------------------------------------
     0 | D:1      | Persephone the Merfolk Gladiator began the quest for the
                  | Orb.
     0 | D:1      | Reached XP level 1. HP: 16/16 MP: 1/1
   122 | D:1      | Reached XP level 2. HP: 18/22 MP: 2/2
   675 | D:1      | Reached XP level 3. HP: 27/27 MP: 3/3
  1027 | D:2      | Found a faded altar of an unknown god.
  1124 | D:2      | Reached skill level 5 in Dodging
  1309 | D:2      | Noticed Sigmund
  1323 | D:2      | Slain by Sigmund

Illustrated notes

Levels and vault maps discovered:
D:1:      dpeg_arrival_morbid_curiosity, layout_basic, feat_on_display
D:2:      layout_loops_ring, shapermc_ecumenical_altar_hornbeckon, serial_glass,
          glass_columns_a, glass_columns_b, minmay_misc_feat_roman, uniq_sigmund

Skill      XL: |  1  2  3 |
---------------+----------+-----
Long Blades    | 4 |  4.8
Dodging        | 5 |  5.1
Fighting       | |  2.1
Throwing       | |  2.0

Action                   || total
-------------------------++-------
Melee: Long sword        ||    91
Throw: Javelin           ||     7
       Throwing net      ||     1
  Use: Scroll            ||     5
Armor: Leather armour    ||    19
Dodge: Dodged            ||    52

Table legend: (Time is in decaauts)
 A = Elapsed time spent in this place.
 B = Non-inter-level travel time spent in this place.
 C = Inter-level travel time spent in this place.
 D = Time resting spent in this place.
 E = Time spent auto-exploring this place.
 F = Levels seen in this place.
 G = Mean time per level.
                   A        B        C        D        E       F      G
               +--------+--------+--------+--------+--------+-----+--------+
         Total |   1336 |   1327 |      9 |      0 |   1030 |   2 |  668.0 |
       Dungeon |   1336 |   1327 |      9 |      0 |   1030 |   2 |  668.0 |
               +--------+--------+--------+--------+--------+-----+--------+

Top non-repeatable levels by time:
     D:1: 828 daAuts
     D:2: 508 daAuts
